 Dungeon Crawl Stone Soup version 0.22.1-2-g9c5b331383 (webtiles) character file.

9030 Revguard the Cleaver (level 11, -27/145 HPs)
             Began as a Minotaur Gladiator on Dec 9, 2018.
             Annihilated by an alligator simulacrum (28 damage)
             ... in an ice cave.
             The game lasted 00:28:03 (11020 turns).

Revguard the Cleaver (Minotaur Gladiator)          Turns: 11020, Time: 00:28:05

Health: -27/145    AC: 25    Str: 21    XL:     11   Next: 17%
Magic:  0/10       EV:  2    Int:  5    God:
Gold:   641        SH:  0    Dex: 13    Spells: 10/10 levels left

rFire    + . .     SeeInvis .   n - +8 whip "Snakebite" {curare, rPois}
rCold    . . .     Gourm    .   (no shield)
rNeg     + + +     Faith    .   (armour currently unavailable)
rPois    +         Spirit   +   (helmet currently unavailable)
rElec    .         Reflect  .   (cloak currently unavailable)
rCorr    .         Harm     .   (gloves currently unavailable)
MR       .....     NoTele   +   (boots currently unavailable)
Stlth    +.........             O - amulet of guardian spirit
HPRegen  0.34/turn              k - ring of protection from fire
MPRegen  0.12/turn              o - ring of positive energy

@: tree-form
A: (retaliatory headbutt)
a: no special abilities


You were in an ice cave.
You were very hungry.
You were a tree.
You visited 2 branches of the dungeon, and saw 12 of its levels.
You also visited: Ice Cave.

You collected 713 gold pieces.
You spent 72 gold pieces at shops.

Inventory:

Hand Weapons
 a - a +0 war axe
 n - the +8 whip "Snakebite" (weapon) {curare, rPois}
   (You found it on level 7 of the Dungeon)

   It poisons the flesh of those it strikes.
   It protects you from poison.
 F - the +1 falchion of Impeachment {slice, *Drain MR+ Str+2}
   (You found it on level 7 of the Dungeon)

   It inflicts extra damage upon your enemies.
   It affects your strength (+2).
   It affects your resistance to hostile enchantments.
   It causes draining when unequipped.
Missiles
 d - 3 throwing nets (quivered)
Armour
 c - a +0 hat (melded)
 w - a +0 pair of boots (melded)
 z - the +0 pair of gloves of Distant Shores (melded) {rC+ rN+ Int-4}
   (You found it on level 5 of the Dungeon)

   It affects your intelligence (-4).
   It protects you from cold.
   It protects you from negative energy.
 J - a +0 cloak (melded)
 L - the +1 ring mail of Apathy (melded) {Str+3}
   (You found it on level 8 of the Dungeon)

   It affects your strength (+3).
Jewellery
 k - a ring of protection from fire (left branch)
 o - a ring of positive energy (right branch)
 s - an uncursed amulet of the acrobat
 N - an uncursed ring of resist corrosion
 O - an amulet of guardian spirit (around neck)
 R - an uncursed ring of stealth
Wands
 b - a wand of scattershot (14)
 j - a wand of enslavement (10)
 H - a wand of disintegration (18)
 K - a wand of polymorph (14)
 Q - a wand of digging (22)
Scrolls
 g - 2 scrolls of teleportation
 m - 4 scrolls of magic mapping
 p - a scroll of noise {unknown}
 q - 2 scrolls of fog {unknown}
 r - 5 scrolls of fear {unknown}
 y - 2 scrolls of identify
 A - 2 scrolls of enchant armour {unknown}
 C - a scroll of blinking {unknown}
 E - a scroll of enchant weapon {unknown}
 M - a scroll of remove curse
 P - a scroll of holy word {unknown}
Potions
 e - 6 potions of curing
 h - 2 potions of berserk rage
 i - 2 potions of brilliance
 l - 4 potions of flight
 t - 2 potions of haste
 u - a potion of resistance
 v - a potion of might
 x - 3 potions of cancellation
 G - a potion of magic
 I - a potion of agility
Comestibles
 f - 20 rations


   Skills:
 + Level 9.4 Fighting
 + Level 11.2(12.8) Axes
 + Level 10.6(12.5) Maces & Flails
 - Level 2.0 Throwing
 + Level 8.4 Armour
 + Level 7.5 Dodging


You had 10 spell levels left.
You didn't know any spells.
Your spell library contained the following spells:

 Spells                   Type           Power        Failure   Level  Hunger
 Static Discharge         Conj/Air       #.......     85%         3    ####...
 Airstrike                Air            #.........   99%         4    #####..
 Tornado                  Air            #.........   100%        9    #######


Dungeon Overview and Level Annotations

Branches:
Dungeon (11/15)            Temple (1/1) D:4            Lair (0/6) D:8
    Orc (0/2) D:9

Altars:
Ashenzari
Cheibriados
Dithmenos
Elyvilon
Fedhas
Gozag
Hepliaklqana
Kikubaaqudgha
Makhleb
Nemelex Xobeh
Okawaru
Qazlal
Ru
Sif Muna
Trog
Uskayaw
Vehumet
Wu Jian
Xom
Yredelemnul
Zin
The Shining One

Shops:
D:4 (   D:6 (   D:10 *


Innate Abilities, Weirdness & Mutations

((You reflexively headbutt those who attack you in melee.))
((You have a pair of horns on your head.))
((Your system is resistant to poisons. (rPois)))
((You are covered in fur. (AC +1)))


Message History

You turn into a tree.
Your +0 cloak melds into your body.
Your +0 hat melds into your body.
The +0 pair of gloves of Distant Shores {rC+ rN+ Int-4} melds into your body.
Your +0 pair of boots melds into your body.
The +1 ring mail of Apathy {Str+3} melds into your body.
Your roots penetrate the ground.
The death yak simulacrum gores you but does no damage.
The alligator simulacrum bites you.
* * * LOW HITPOINT WARNING * * *
The alligator simulacrum freezes you!
* * * LOW HITPOINT WARNING * * *
The alligator simulacrum tail-slaps you but does no damage.
You feel much better. The death yak simulacrum gores you!
* * * LOW HITPOINT WARNING * * *
The death yak simulacrum freezes you!!
* * * LOW HITPOINT WARNING * * *
The alligator simulacrum bites you.
* * * LOW HITPOINT WARNING * * *
The alligator simulacrum freezes you!!
You die...

#### ##..##
#.. ###....##
....##.......#
#.......∩.∩.#
##..........#
##..##.ZZ.##
### ##Z♣##
####


You could see an alligator simulacrum, a death yak simulacrum and a swamp dragon
simulacrum.

Vanquished Creatures
  2 two-headed ogres
  Urug (D:11)
  An unseen horror (D:11)
  A cyclops (D:11)
  A gargoyle (D:11)
  A komodo dragon (D:8)
  A troll (D:10)
  Grinder (D:4)
  A hippogriff (D:10)
  A wraith (D:11)
  Sigmund (D:2)
  A human (D:7)
  4 hogs (D:7)
  A death yak simulacrum (IceCv)
  An acid dragon (D:8)
  2 water moccasins
  2 orc warriors
  2 phantoms
  3 sky beasts
  3 ice beasts
  4 ogres
  4 centaurs
  4 crocodiles (D:8)
  6 bullfrogs
  A wyvern skeleton (D:6)
  3 scorpions
  4 wights (D:8)
  6 crimson imps
  4 hounds
  An orc priest (D:7)
  2 jellies
  A bullfrog skeleton (D:8)
  2 orc wizards
  3 iguanas
  8 worker ants
  A hound zombie (D:9)
  A hound skeleton (D:10)
  8 gnolls
  15 adders
  A river rat (D:4)
  2 shadow imps
  An ooze (D:1)
  6 worms
  2 dart slugs (D:1)
  4 leopard geckos
  12 orcs
  11 giant cockroaches
  8 goblins
  8 hobgoblins
  12 jackals
  7 kobolds
  3 quokkas
  A ball python (D:1)
  7 bats
  6 frilled lizards
  A jackal zombie (D:8)
  A leopard gecko zombie (D:8)
  9 rats
211 creatures vanquished.

Notes
Turn   | Place    | Note
-------+----------+-------------------------------------------
     0 | D:1      | Revguard the Minotaur Gladiator began the quest for the
                  | Orb.
     0 | D:1      | Reached XP level 1. HP: 18/18 MP: 0/0
   267 | D:1      | Reached XP level 2. HP: 22/25 MP: 1/1
   297 | D:1      | Reached skill level 4 in Axes
   575 | D:1      | Reached XP level 3. HP: 30/30 MP: 2/2
   685 | D:1      | Reached skill level 1 in Armour
  1173 | D:2      | HP: 1/30 [worm (9)]
  1485 | D:2      | Noticed Sigmund
  1498 | D:2      | Killed Sigmund
  1498 | D:2      | Reached skill level 5 in Axes
  1498 | D:2      | Reached XP level 4. HP: 5/38 MP: 3/3
  1498 | D:2      | Reached XP level 5. HP: 6/45 MP: 4/4
  1952 | D:2      | Reached skill level 6 in Axes
  1952 | D:2      | Reached XP level 6. HP: 34/51 MP: 5/5
  3429 | D:3      | Found a shimmering altar of Xom.
  3987 | D:4      | Noticed Grinder
  3990 | D:4      | Paralysed by Grinder for 2 turns
  3995 | D:4      | Paralysed by Grinder for 6 turns
  4002 | D:4      | Killed Grinder
  4002 | D:4      | Reached skill level 7 in Axes
  4002 | D:4      | Reached skill level 5 in Dodging
  4002 | D:4      | Reached XP level 7. HP: 16/60 MP: 6/6
  4114 | D:4      | Found Oqaennis's Antique Weapon Boutique.
  4187 | D:4      | Found a staircase to the Ecumenical Temple.
  4197 | Temple   | Entered the Ecumenical Temple
  4731 | D:4      | Reached skill level 8 in Axes
  5161 | D:5      | Entered Level 5 of the Dungeon
  5382 | D:5      | Reached skill level 5 in Fighting
  5560 | D:5      | Reached XP level 8. HP: 68/68 MP: 7/7
  5567 | D:5      | Got a pair of distressingly furry gloves
  5578 | D:5      | Identified the +0 pair of gloves of Distant Shores {rC+ rN+
                  | Int-4} (You found it on level 5 of the Dungeon)
  6346 | D:6      | Reached skill level 9 in Axes
  6521 | D:6      | Found a glowing golden altar of the Shining One.
  6793 | D:6      | Reached skill level 5 in Armour
  6838 | D:6      | Found Hoxt's Antique Weapon Shop.
  7029 | D:7      | Found the +8 whip "Snakebite" {curare, rPois}
  7048 | D:7      | Noticed a two-headed ogre
  7057 | D:7      | Killed a two-headed ogre
  7057 | D:7      | Reached skill level 10 in Axes
  7057 | D:7      | Reached XP level 9. HP: 20/78 MP: 8/8
  7444 | D:7      | Got a slimy falchion
  7448 | D:7      | Identified the +1 falchion of Impeachment {slice, *Drain
                  | MR+ Str+2} (You found it on level 7 of the Dungeon)
  7485 | D:7      | Found a glowing silver altar of Zin.
  7522 | D:7      | Reached skill level 1 in Maces & Flails
  7534 | D:7      | Reached skill level 11 in Axes
  7567 | D:7      | Found a bloodstained altar of Trog.
  8123 | D:8      | Found a burning altar of Makhleb.
  8199 | D:8      | Got a faintly glowing ring mail
  8200 | D:8      | Identified the cursed +1 ring mail of Apathy {Str+3} (You
                  | found it on level 8 of the Dungeon)
  8272 | D:8      | Reached skill level 5 in Maces & Flails
  8283 | D:8      | Reached XP level 10. HP: 83/88 MP: 9/9
  8294 | D:8      | Gained mutation: You are resistant to hostile enchantments.
                  | (MR+) [potion of mutation]
  8294 | D:8      | Lost mutation: You are resistant to hostile enchantments.
                  | (MR+) [potion of mutation]
  8294 | D:8      | Gained mutation: Your system is resistant to poisons.
                  | (rPois) [potion of mutation]
  8294 | D:8      | Gained mutation: You are covered in fur. (AC +1) [potion of
                  | mutation]
  8539 | D:8      | Found a staircase to the Lair.
  8861 | D:8      | Found a hazy altar of Hepliaklqana.
  9078 | D:9      | Noticed a two-headed ogre
  9083 | D:9      | Killed a two-headed ogre
  9157 | D:9      | Found a shadowy altar of Dithmenos.
  9262 | D:9      | Found a staircase to the Orcish Mines.
  9821 | D:10     | Entered Level 10 of the Dungeon
 10047 | D:10     | Found Geazoo's Assorted Antiques.
 10055 | D:10     | Bought a scroll of remove curse for 72 gold pieces
 10520 | D:11     | Identified the Collected Works on the Birds
 10571 | D:11     | Noticed Urug
 10585 | D:11     | Killed Urug
 10739 | D:11     | Noticed a cyclops
 10748 | D:11     | Killed a cyclops
 10748 | D:11     | Reached skill level 10 in Maces & Flails
 10748 | D:11     | Reached XP level 11. HP: 83/97 MP: 8/10
 10809 | D:11     | Killed an unseen horror
 10995 | D:11     | Found a frozen archway.
 11005 | IceCv    | Entered an ice cave
 11020 | IceCv    | HP: 2/145 [death yak simulacrum (26)]
 11020 | IceCv    | Annihilated by an alligator simulacrum

Skill      XL: |  1  2  3  4  5  6  7  8  9 10 |
---------------+-------------------------------+-----
Axes           | 4 5 6 7 8 10 11 | 11.2
Dodging        | 4 5 6 7 |  7.5
Armour         | 2 3 4 5 7 8 |  8.4
Fighting       | 3 4 5 6 7 9 |  9.4
Maces & Flails | 5 10 | 10.6
Throwing       | |  2.0

Action                   |  1- 3 |  4- 6 |  7- 9 | 10-12 || total
-------------------------+-------+-------+-------+-------++-------
Melee: War axe           |    72 |    91 |   135 |       ||   298
       Headbutt          |    11 |    18 |    55 |    38 ||   122
       Whip              |       |       |    94 |   149 ||   243
  Use: Potion            |     1 |       |       |     5 ||     6
       Scroll            |       |     4 |     9 |    11 ||    24
  Eat: Ration            |       |     2 |     2 |       ||     4
       Chunk             |       |     3 |     7 |     7 ||    17
Armor: Leather armour    |    27 |    16 |    16 |       ||    59
       Chain mail        |       |       |    28 |       ||    28
       Ring mail         |       |       |     1 |    41 ||    42
       Skin              |       |       |       |     2 ||     2
Dodge: Dodged            |    58 |   103 |   152 |    87 ||   400
